 Dungeon Sprint DCSS version 0.27-a0-67-g4bfc8a49e1 (webtiles) character file.

Game seed: 2361626038840910379

7 mhtbhm the Digger (level 1, -4/10 HPs)
             Began as a Deep Elf Earth Elementalist on Jan 10, 2021.
             Slain by a human (10 damage)
             ... in the Dungeon (Sprint III: "The Ten Rune Challenge").
             The game lasted 00:00:34 (104 turns).

mhtbhm the Digger (Deep Elf Earth Elementalist)      Turns: 104, Time: 00:00:34

Health: -4/10      AC:  2    Str:  5    XL:     1   Next: 83%
Magic:  3/7        EV: 13    Int: 19    God:
Gold:   0          SH:  0    Dex: 15    Spells: 6/7 levels left

rFire    . . .     SeeInvis .   (no weapon)
rCold    . . .     Faith    .   (no shield)
rNeg     . . .     Spirit   .   c - +0 robe
rPois    .         Reflect  .   (no helmet)
rElec    .         Harm     .   (no cloak)
rCorr    .         Rampage  .   (no gloves)
Will     .....     NoTele   +   (no boots)
Stlth    ++........             (no amulet)
HPRegen  0.03/turn              (no ring)
MPRegen  0.10/turn              (no ring)

@: no status effects
A: no striking features
a: no special abilities


You were in the Dungeon.
You visited 1 branch

Inventory:

Missiles
 b - 21 stones
Armour
 c - a +0 robe (worn)
Scrolls
 i - a scroll of blinking
Potions
 d - a potion of curing
 e - a potion of heal wounds
 f - a potion of haste
 g - 2 potions of magic
 h - a potion of berserk rage


   Skills:
 + Level 2.8 Dodging
 - Level 2.7 Stealth
 + Level 3.8 Spellcasting
 + Level 1.1 Transmutations
 + Level 4.5 Earth Magic


You had 6 spell levels left.
You knew the following spells:

 Your Spells              Type           Power        Failure   Level
a - Sandblast             Erth           42%          2%          1

Your spell library contained the following spells:

 Spells                   Type           Power        Failure   Level
 Passwall                 Tmut/Erth      11%          7%          2
 Stone Arrow              Conj/Erth      24%          16%         3
 Petrify                  Tmut/Erth      14%          41%         4
 Lee's Rapid Deconstruct  Erth           10%          52%         5


Dungeon Overview and Level Annotations

Branches:
Dungeon (1/1)

Altars:


Message History

The blast of sand hits the human but does no damage.
The human is moderately wounded.
Unknown command.
Casting: Sandblast (safe; 2% risk of failure)
Confirm with . or Enter, or press ? or * to list all spells.
Aiming: Sandblast (safe; 2% risk of failure)
Press: ? - help, Shift-Dir - straight line, f/p - human
Aim: a human (moderately wounded, 27% to evade)
The blast of sand hits the human.
The human is moderately wounded.
The human hits you.
Unknown command.
Casting: Sandblast (safe; 2% risk of failure)
Confirm with . or Enter, or press ? or * to list all spells.
Aiming: Sandblast (safe; 2% risk of failure)
Press: ? - help, Shift-Dir - straight line, f/p - human
Aim: a human (moderately wounded, 27% to evade)
The blast of sand misses the human.
The human hits you!
Ouch! That really hurt!
You die...

▓▓▓▓▓▓▓▓▓
▓<..#(..####
▓...#......##
▓..##.......#
▓##.##.##...# .#
##.##.###..# ..#
▓#.####.##@.# ...+
▓.###†.##.p##
#p..# ▓#.....##..#
#....#
###..##†..##.....#
#..##....#......#
#..###..##.# #[.
#.. ### ▓▓▓ ▓▓▓


You could see a human.

Vanquished Creatures
  An ooze (D)
  3 rats (D)
4 creatures vanquished.

Vanquished Creatures (others)
  A plant (D)
1 creature vanquished.

Grand Total: 5 creatures vanquished

Notes
Turn   | Place    | Note
-------+----------+-------------------------------------------
     0 | D        | mhtbhm the Deep Elf Earth Elementalist began the quest for
                  | the Orb.
     0 | D        | Reached XP level 1. HP: 10/10 MP: 6/6
    13 | D        | Reached skill level 4 in Earth Magic
   104 | D        | Slain by a human

Illustrated notes

Levels and vault maps discovered:
D:        dungeon_sprint_mu [sprint_mu_entry_cave, sprint_mu_temple_rooms,
          sprint_mu_d1_horrors, sprint_mu_d2_genie, sprint_mu_d3_branching,
          sprint_mu_orc_legion, sprint_mu_elf_gauntlet, sprint_mu_hive_nellie,
          sprint_mu_lair_fedhas, sprint_mu_vaults_butterflies,
          sprint_mu_slime_circle, sprint_mu_swamp_cave, sprint_mu_shoals_kraken,
          sprint_mu_blade_basic, sprint_mu_crypt_chambers,
          sprint_mu_tomb_spiral, sprint_mu_vestibule_basic,
          sprint_mu_gehenna_hellfire, sprint_mu_dis_giant,
          sprint_mu_tartarus_statrot, sprint_mu_cocytus_islands, sprint_mu_zot1]

Skill      XL: |  1 |
---------------+----+-----
Earth Magic    | 4 |  4.5
Dodging        | |  2.8
Stealth        | |  2.7
Spellcasting   | |  3.8
Transmutations | |  1.1

Action                   || total
-------------------------++-------
 Cast: Sandblast         ||     9

Table legend: (Time is in decaauts)
 A = Elapsed time spent in this place.
 B = Non-inter-level travel time spent in this place.
 C = Inter-level travel time spent in this place.
 D = Time resting spent in this place.
 E = Time spent auto-exploring this place.
 F = Levels seen in this place.
 G = Mean time per level.
                   A        B        C        D        E       F      G
               +--------+--------+--------+--------+--------+-----+--------+
         Total |    104 |    104 |      0 |     61 |     10 |   1 |  104.0 |
       Dungeon |    104 |    104 |      0 |     61 |     10 |   1 |  104.0 |
               +--------+--------+--------+--------+--------+-----+--------+

Top non-repeatable levels by time:
       D: 104 daAuts
